Map: Acid Plant LE

Players

kauP

  • Race: Terran Terran
  • Spawn Location: 11:00

Light - Winner!

  • Race: Protoss Protoss
  • Spawn Location: 5:00

Event: WCS Valencia 2018

VOD

Have the link to the VOD?

Description

Time

  • Played on: July 12, 2018, 6:35 a.m.
  • Length: 17:08

All games in this series

Show
View Real Time Build Order
Export as new Build Order

kauP Terran 

Build Orders: Gas First Reaper Expand, Reaper Expand, MMM Bio, Banshee Rush 

Get SALT Encoding   

  12  0:00  SCV  
  13  0:15  SCV  
  13  0:17  Supply Depot  
  14  0:27  SCV  
  15  0:29  Refinery  
  15  0:39  SCV  
  16  0:45  Barracks  
  16  0:51  SCV  
  17  1:03  SCV  
  18  1:15  SCV  
  19  1:31  Orbital Command  
  19  1:32  Reaper  
  20  1:46  Command Center  
  20  1:56  Factory  
  20  2:00  SCV  
  21  2:06  Barracks Reactor  
  21  2:12  SCV  
  22  2:15  Supply Depot  
  22  2:24  SCV  
  22  2:25  Refinery  
  23  2:37  SCV  
  23  2:42  Hellion, Marine x2  
  28  2:49  SCV  
  28  2:50  Starport  
  29  3:00  Orbital Command  
  29  3:01  SCV  
  30  3:07  Widow Mine  
  30  3:10  Marine  
  33  3:13  SCV  
  34  3:21  Marine  
  34  3:25  SCV  
  34  3:26  SCV  
  34  3:27  Starport Tech Lab  
  37  3:28  Marine  
  36  3:37  SCV  
  36  3:38  Widow Mine  
  36  3:39  Marine  
  39  3:46  Cloaking Field, Marine, Banshee  
  43  3:53  SCV  
  44  3:57  Marine  
  44  4:01  Supply Depot  
  45  4:04  Marine  
  45  4:08  Factory Tech Lab  
  45  4:09  Supply Depot  
  46  4:21  Refinery  
  46  4:22  SCV x2  
  46  4:23  Engineering Bay  
  48  4:24  Supply Depot  
  48  4:30  Banshee  
  51  4:34  SCV x2  
  51  4:36  Bunker  
  53  4:39  Siege Tank  
  53  4:45  Marine x2  
  58  4:46  SCV  
  58  4:52  Terran Infantry Weapons Level 1  
  59  4:53  SCV  
  59  4:58  Supply Depot, SCV  
  61  5:02  Marine  
  61  5:05  SCV  
  63  5:11  SCV  
  63  5:13  Marine  
  65  5:17  SCV  
  65  5:20  Marine  
  67  5:23  SCV  
  67  5:25  Banshee  
  67  5:26  Barracks  
  67  5:27  Barracks  
  71  5:29  SCV  
  71  5:33  Siege Tank  
  75  5:38  Supply Depot  
  75  5:41  Supply Depot, SCV  
  75  5:42  SCV  
  77  5:45  Marine x2  
  76  5:54  SCV  
  77  6:02  Marine  
  77  6:03  Marine  
  79  6:06  Supply Depot  
  79  6:12  Command Center  
  79  6:16  Factory Reactor, SCV x2  
  78  6:24  Barracks, Starport Reactor  
  78  6:27  Barracks  
  77  6:45  Marine x2  
  77  6:46  Marine  
  69  6:49  Marauder  
  69  6:50  Stimpack, Combat Shields  
  69  6:53  SCV x2  
  68  7:00  Terran Infantry Armor Level 1  
  60  7:02  Supply Depot  
  60  7:03  Marine x2  
  60  7:04  Widow Mine x2, Medivac x2, Marauder  
  72  7:08  SCV x2  
  72  7:11  Refinery  
  72  7:15  Barracks Tech Lab, Barracks Reactor  
  74  7:19  Ghost Academy, Marauder  
  74  7:21  Marine x2  
  78  7:25  SCV, Missile Turret, Marauder  
  78  7:27  Missile Turret  
  78  7:28  Orbital Command  
  80  7:34  Widow Mine x2  
  80  7:36  Marauder  
  86  7:39  Marine x2  
  86  7:43  SCV x2  
  88  7:46  Medivac  
  88  7:47  Ghost, Medivac  
  88  7:49  Marine  
  95  7:51  Concussive Shells  
  95  7:52  Marine x2  
  95  7:56  Marine  
  98  8:03  Supply Depot  
  98  8:05  Engineering Bay  
  98  8:07  Widow Mine, Armory  
  96  8:22  Widow Mine, Medivac  
  100  8:28  Widow Mine  
  100  8:30  Orbital Command  
  100  8:31  Barracks  
  100  8:32  Barracks  
  102  8:35  Marine x4  
  102  8:36  Marine x2  
  108  8:41  SCV x2  
  108  8:47  Ghost  
  112  8:51  Widow Mine x2  
  112  8:53  Marine x2  
  118  9:00  Missile Turret  
  117  9:05  Sensor Tower  
  107  9:10  Ghost  
  107  9:11  Marine x2  
  106  9:21  Medivac  
  106  9:22  Widow Mine x2  
  106  9:23  Marine x6  
  118  9:25  SCV x3  
  118  9:28  Marine  
  118  9:30  Refinery x2  
  122  9:33  Supply Depot  
  118  9:44  Ghost  
  118  9:45  Marine x5  
  119  9:48  SCV x3  
  126  9:53  Command Center  
  126  9:56  Ghost  
  131  10:00  Widow Mine x2  
  131  10:15  Ghost x2  
  134  10:26  Ghost  
  134  10:27  Marine x5  
  118  10:30  Marine  
  118  10:31  Widow Mine  
  97  10:44  Ghost, Marine  
  97  10:45  Widow Mine  
  97  10:49  SCV  
  98  10:52  Widow Mine  
  98  10:53  Supply Depot x2  
  98  10:55  Ghost  
  97  11:03  Marine  
  97  11:04  Marine x5  
  96  11:06  Widow Mine  
  102  11:12  Ghost  
  102  11:13  Widow Mine, Command Center  
  106  11:21  Marine  
  106  11:22  Medivac x2  
  111  11:25  Marine  
  111  11:26  Marine x5  
  111  11:29  Marine  
  111  11:30  Terran Infantry Weapons Level 2  
  115  11:47  Widow Mine x2  
  115  11:49  Planetary Fortress  
  112  11:55  Medivac x2  
  112  11:56  SCV x3  
  123  12:08  Widow Mine x2  
  123  12:09  Barracks Tech Lab, Refinery, Marauder x2  
  123  12:10  Barracks Tech Lab, Marauder  
  123  12:11  Marine x2  
  123  12:14  Refinery  
  131  12:16  SCV x3  
  131  12:20  Terran Infantry Armor Level 2  
  131  12:22  Terran Ship Weapons Level 1  
  133  12:24  Supply Depot x2  
  133  12:27  Missile Turret  
  133  12:28  SCV x2  
  135  12:31  Marauder  
  135  12:33  Ghost  
  135  12:34  Marine x5  
  144  12:39  Missile Turret  
  144  12:40  Liberator x2  
  144  12:57  Widow Mine x2  
  144  12:58  Ghost  
  153  12:59  Marauder  
  153  13:01  Marauder  
  136  13:28  Marine x3, Marauder x5  
  134  13:47  Marine x3  
  127  13:48  Ghost x2  
  127  13:49  Ghost, Marauder  
  133  14:02  Liberator x2  
  119  14:10  Planetary Fortress  
  119  14:12  Orbital Command  
  116  14:25  Refinery  
  116  14:26  Marine x2, Marauder x4  
  116  14:27  Refinery, Marauder  
  124  14:44  Starport  
  124  14:45  Starport  
  124  14:47  Marauder  
  126  14:57  Refinery x2  
  126  15:08  Liberator x2, SCV x4  
  130  15:23  Missile Turret  
  136  15:29  Liberator  
  136  15:30  Fusion Core  
  135  15:45  Starport Tech Lab  
  135  15:47  Liberator, SCV x2  
  135  15:48  SCV x2  
  135  15:49  SCV  
  143  15:51  Liberator x2  
  143  15:54  Supply Depot  
  143  15:59  SCV  
  143  16:01  Missile Turret x2  
  143  16:02  Command Center  
  132  16:20  SCV x3  
  132  16:24  Refinery  
  100  16:45  Marauder x4  
Show
View Real Time Build Order
Export as new Build Order

Light Protoss - Winner!

Build Orders: 1 Gate Expand, Phoenix Opening 

Get SALT Encoding   

  12  0:00  Probe  
  13  0:12  Probe  
  14  0:17  Pylon  
  14  0:24  Probe  
  15  0:32  Probe  
  15  0:37  Gateway  
  15  0:40  Probe  
  16  0:46  Assimilator  
  17  0:51  Probe  
  18  1:03  Probe  
  19  1:15  Probe  
  20  1:25  Nexus  
  20  1:29  Probe  
  21  1:39  Cybernetics Core  
  21  1:42  Probe  
  22  1:48  Pylon  
  22  1:53  Assimilator  
  22  1:56  Probe  
  23  2:04  Probe  
  23  2:07  Adept  
  24  2:12  Probe  
  24  2:19  Stargate  
  27  2:23  Probe  
  27  2:25  Warp Gate  
  27  2:26  Adept  
  31  2:37  Probe  
  31  2:38  Probe  
  32  2:49  Probe  
  32  2:50  Probe  
  32  2:51  Adept  
  34  2:58  Phoenix  
  36  3:01  Probe  
  36  3:04  Probe  
  40  3:13  Probe  
  40  3:18  Adept, Phoenix  
  43  3:23  Pylon  
  45  3:37  Probe  
  45  3:38  Probe  
  47  3:47  Phoenix  
  47  3:48  Probe  
  49  3:52  Probe  
  49  3:56  Twilight Council  
  49  3:59  Gateway  
  49  4:00  Gateway  
  49  4:05  Probe  
  49  4:07  Shield Battery  
  49  4:09  Phoenix  
  52  4:19  Pylon  
  52  4:25  Charge  
  52  4:30  Probe x2  
  52  4:32  Nexus  
  52  4:42  Probe x2  
  52  4:45  Pylon  
  54  4:54  Probe x2  
  56  5:00  Zealot  
  56  5:01  Oracle  
  56  5:03  Pylon  
  56  5:06  Gateway, Probe  
  59  5:12  Shield Battery, Forge  
  56  5:26  Probe x2  
  56  5:28  Oracle  
  53  5:38  Probe x2  
  57  5:45  Probe  
  57  5:50  Probe x2  
  57  5:51  Protoss Ground Armor Level 1  
  57  5:55  Zealot  
  61  5:57  Probe  
  61  6:04  Phoenix  
  62  6:05  Zealot  
  62  6:09  Probe x2  
  66  6:14  Photon Cannon  
  64  6:19  Photon Cannon  
  64  6:20  Probe  
  64  6:21  Probe x2  
  64  6:24  Zealot  
  69  6:28  Zealot  
  69  6:32  Zealot x2  
  65  6:48  Probe x2  
  65  6:52  Probe  
  65  6:54  Zealot x4  
  72  6:59  Probe  
  72  7:00  Probe  
  76  7:01  Gateway  
  76  7:02  Gateway  
  76  7:03  Probe  
  76  7:07  Probe  
  77  7:11  Probe  
  77  7:12  Probe  
  77  7:15  Pylon, Probe  
  80  7:20  Protoss Ground Armor Level 2  
  81  7:24  Phoenix  
  81  7:25  Probe  
  84  7:32  Probe  
  84  7:33  Probe  
  84  7:34  Blink  
  84  7:37  Probe  
  87  7:42  Pylon  
  87  7:44  Gateway  
  87  7:45  Gateway  
  87  7:46  Pylon  
  87  7:47  Pylon  
  87  7:52  Probe x2  
  89  7:59  Probe  
  89  8:03  Pylon  
  89  8:04  Probe  
  91  8:06  Zealot  
  91  8:07  Gateway, Zealot x2  
  91  8:12  Phoenix  
  97  8:19  Zealot  
  91  8:29  Assimilator  
  91  8:32  Nexus  
  91  8:33  Assimilator, Phoenix  
  91  8:34  Pylon  
  94  8:40  Zealot x4  
  101  8:51  Probe  
  101  8:52  Probe x2  
  101  8:55  Zealot x4  
  108  9:00  Phoenix  
  94  9:13  Zealot x5  
  86  9:23  Stalker x4  
  94  9:37  Phoenix  
  96  9:45  Zealot x4  
  98  9:47  Protoss Ground Armor Level 3  
  101  10:02  Zealot x4, Phoenix  
  111  10:10  Stalker x4  
  101  10:33  Zealot x3  
  101  10:34  Zealot x5  
  97  10:49  Probe x2  
  96  10:50  Probe  
  96  10:56  Forge  
  96  10:59  Zealot  
  96  11:00  Zealot x7  
  96  11:01  Probe x2  
  96  11:02  Probe  
  95  11:13  Robotics Facility  
  95  11:14  Probe x2  
  97  11:20  Stalker  
  97  11:21  Stalker x6  
  97  11:25  Stalker  
  113  11:31  Probe x3  
  106  11:47  Stalker  
  106  11:48  Stalker x7  
  116  12:01  Protoss Ground Weapons Level 1  
  114  12:10  Robotics Bay  
  114  12:12  Robotics Facility  
  114  12:15  Zealot x8  
  130  12:28  Pylon  
  130  12:29  Pylon  
  130  12:31  Pylon  
  130  12:37  Zealot x6  
  135  12:42  Pylon  
  139  12:50  Assimilator  
  139  12:51  Zealot  
  139  12:52  Zealot  
  139  12:55  Colossus x2, Assimilator  
  143  13:00  Extended Thermal Lance  
  155  13:12  Zealot x7  
  161  13:21  Zealot  
  147  13:32  Zealot x5  
  147  13:33  Zealot x2  
  137  13:37  Zealot x4  
  118  13:52  Zealot x2  
  112  14:08  Colossus x2  
  112  14:09  Stalker x6  
  116  14:31  Protoss Shields Level 1  
  116  14:32  Protoss Ground Weapons Level 2  
  116  14:39  Nexus  
  116  14:48  Pylon  
  116  14:51  Disruptor  
  116  14:52  Stalker x2  
  118  14:53  Stalker x2  
  124  15:01  Disruptor  
  124  15:06  Stalker  
  132  15:18  Disruptor  
  135  15:37  Disruptor  
  135  15:38  Zealot  
  135  15:42  Pylon  
  140  15:44  Pylon  
  140  15:46  Pylon x2  
  140  15:49  Probe  
  141  15:51  Probe  
  141  15:52  Zealot x4  
  150  16:09  Disruptor  
  151  16:12  Disruptor  
  148  16:24  Stalker x3  
  154  16:29  Nexus  
  131  16:49  Stalker x8  
Tags
 
Add a new tag
Caveats
  • Supply blocks, unpowered buildings, or Contaminate may cause inaccurate times.
  • Supply counts are checked every 10 seconds.